 Dungeon Crawl Stone Soup version 0.21-a0-278-ga722497 (webtiles) character file.

723 motkurip the Skirmisher (level 7, -6/44 HPs)
             Began as a Gargoyle Gladiator on Sept 20, 2017.
             Killed from afar by Dowan (15 damage)
             ... with a stone arrow
             ... on level 5 of the Dungeon.
             The game lasted 00:08:24 (1640 turns).

motkurip the Skirmisher (Gargoyle Gladiator)        Turns: 1640, Time: 00:08:25

Health: -6/44      AC: 18    Str: 18    XL:     7   Next: 71%
Magic:  7/7        EV:  6    Int:  8    God:
Gold:   79         SH:  0    Dex: 13    Spells: 6/6 levels left

rFire    . . .     SeeInvis .   a - +0 war axe
rCold    . . .     Gourm    .   (no shield)
rNeg     + . .     Faith    .   o - +0 plate armour
rPois    ∞         Spirit   .   t - +0 helmet
rElec    +         Reflect  .   (no cloak)
rCorr    .         Harm     .   (no gloves)
MR       .....                  (no boots)
Stlth    ..........             (no amulet)
HPRegen  0.14/turn              (no ring)
MPRegen  0.10/turn              (no ring)

@: no status effects
A: negative energy resistance 1, electricity resistance, unbreathing,
petrification resistance, rot immunity, AC +4
a: no special abilities


You were on level 5 of the Dungeon.
You were not hungry.

You visited 1 branch of the dungeon, and saw 5 of its levels.

You collected 129 gold pieces.
You spent 50 gold pieces at shops.

Inventory:

Hand Weapons
 a - a +0 war axe (weapon)
Missiles
 d - 3 throwing nets (quivered)
Armour
 b - a +0 leather armour
 c - a +0 helmet
 m - a +0 ring mail
 o - a +0 plate armour (worn)
 t - a +0 helmet (worn)
 x - a +0 chain mail
Jewellery
 j - an uncursed ring of fire
Scrolls
 e - 2 scrolls of recharging {unknown}
 k - a scroll of enchant armour {unknown}
 l - 3 scrolls of identify {unknown}
 q - a scroll of blinking {unknown}
 r - a scroll of noise {unknown}
 s - a scroll of fog {unknown}
 u - a scroll of remove curse {unknown}
 v - 2 scrolls of teleportation {unknown}
 w - a scroll of enchant weapon {unknown}
Potions
 g - a potion of ambrosia
 h - a potion of cancellation {unknown}
 i - 3 potions of heal wounds
 n - a potion of brilliance {unknown}
 p - a potion of might {unknown}
 A - a potion of berserk rage {unknown}
Comestibles
 f - 2 bread rations


   Skills:
 + Level 5.6 Fighting
 + Level 5.1 Axes
 - Level 2.3 Throwing
 + Level 4.4 Armour
 - Level 2.4 Dodging


You had 6 spell levels left.
You didn't know any spells.

Dungeon Overview and Level Annotations

Branches:
Dungeon (5/15)
 Temple: D:4-7

Altars:
Hepliaklqana
Wu Jian
Xom
Zin

Shops:
D:4 *

Annotations:
D:5 Dowan


Innate Abilities, Weirdness & Mutations

You are resistant to torment.
Your stone body is resilient. (AC +4)
You are immune to poison.
You resist negative energy. (rN+)
You are resistant to electric shocks. (rElec)
You can survive without breathing.
You are immune to petrification.
You are immune to rotting.


Message History

Dowan is severely wounded.
Dowan hits you but does no damage.
You closely miss Dowan.
Dowan is severely wounded.
Dowan hits you but does no damage. x2
You barely miss Dowan.
Dowan is severely wounded.
Dowan mumbles some strange words.
Dowan seems to speed up.
You miss Dowan.
Dowan is severely wounded.
Dowan barely misses you. Dowan hits you but does no damage.
You miss Dowan.
Dowan is severely wounded.
Dowan casts a spell at you. The shard of ice hits you!
* * * LOW HITPOINT WARNING * * *
Dowan gestures at you while chanting. The stone arrow hits you!
You die...

#....... ##........ #
.......#.. >.####
......... ......#
.......$. ......†##
#.......#
........#####........
........<).)†........
.......@#####...#....
......e....##§.......
........##.##.......#
..>....## .#...#....
....... .........
..).... #....e..#
....... #...##..#
%...... ..... #. ....


You could see Dowan.

Vanquished Creatures
  Eustachio (D:5)
  Duvessa (D:5)
  A phantom (D:4)
  A howler monkey (D:4)
  An orc priest (D:4)
  An iguana (D:4)
  2 worker ants
  A worker ant zombie (D:5)
  A howler monkey skeleton (D:4)
  4 adders
  A shadow imp (D:4)
  3 worms
  A dart slug (D:1)
  4 leopard geckos
  3 orcs (D:4)
  2 ball pythons
  2 giant cockroaches (D:1)
  2 goblins
  3 hobgoblins
  4 jackals (D:1)
  3 kobolds
  A quokka (D:5)
  4 bats
  3 frilled lizards
  2 rats (D:2)
52 creatures vanquished.

Vanquished Creatures (others)
  The ghost of utis the Gusty, an amateur HuAE (D:4)
1 creature vanquished.

Grand Total: 53 creatures vanquished

Notes
Turn   | Place    | Note
-------+----------+-------------------------------------------
     0 | D:1      | motkurip the Gargoyle Gladiator began the quest for the Orb.
     0 | D:1      | Reached XP level 1. HP: 12/12 MP: 1/1
   230 | D:1      | Reached XP level 2. HP: 16/18 MP: 2/2
   534 | D:2      | Reached XP level 3. HP: 22/22 MP: 3/3
   572 | D:2      | Found a shimmering altar of Xom.
   573 | D:2      | Found a shimmering altar of Xom.
   575 | D:2      | Found a shimmering altar of Xom.
   747 | D:2      | Reached XP level 4. HP: 20/28 MP: 4/4
  1049 | D:3      | Found an ornate altar of the Wu Jian Council.
  1158 | D:4      | Noticed utis's ghost (amateur HuAE)
  1198 | D:4      | Killed utis's ghost
  1198 | D:4      | Reached XP level 5. HP: 25/33 MP: 5/5
  1234 | D:4      | Reached XP level 6. HP: 27/38 MP: 6/6
  1239 | D:4      | Found Tuabbecw's General Store.
  1247 | D:4      | Bought a potion of heal wounds for 50 gold pieces
  1277 | D:4      | Found a hazy altar of Hepliaklqana.
  1324 | D:4      | Noticed a phantom
  1364 | D:4      | Killed a phantom
  1464 | D:4      | Reached XP level 7. HP: 26/44 MP: 7/7
  1492 | D:5      | Entered Level 5 of the Dungeon
  1492 | D:5      | Found a glowing silver altar of Zin.
  1555 | D:5      | Noticed Duvessa
  1555 | D:5      | Noticed Dowan
  1556 | D:5      | Noticed Eustachio
  1578 | D:5      | Killed Duvessa
  1578 | D:5      | Reached skill level 5 in Fighting
  1606 | D:5      | Killed Eustachio
  1606 | D:5      | Reached skill level 5 in Axes
  1640 | D:5      | Killed from afar by Dowan

Vault maps used:
D:1:      minmay_arrival_stair_chambers, hex_tiny
D:2:      xom_redecorated
D:3:      overflow_temple_1_default, first_bread, st_stairs_13
D:4:      kennysheep_little_box, serial_shops, shop_fountains,
          minmay_misc_feat_x, minmay_crystal_water
D:5:      overflow_temple_1_default, lemuel_doored_altar, uniq_eustachio,
          uniq_duvessa, uniq_prince_ribbit1

Skill      XL: |  1  2  3  4  5  6  7 |
---------------+----------------------+-----
Throwing       | 2 |  2.3
Axes           | 3 4 5 |  5.1
Fighting       | 3 4 5 |  5.6
Armour         | 2 3 4 |  4.4
Dodging        | |  2.4

Action                   |  1- 3 |  4- 6 |  7- 9 || total
-------------------------+-------+-------+-------++-------
Melee: War axe           |    80 |   123 |    86 ||   289
  Use: Potion            |       |     1 |       ||     1
  Eat: Chunk             |       |     2 |     1 ||     3
Armor: Ring mail         |    50 |       |       ||    50
       Leather armour    |     1 |       |       ||     1
       Plate armour      |       |   102 |    72 ||   174
Dodge: Dodged            |    78 |    33 |    35 ||   146

Table legend:
 A = Spawn XP
 B = Non-spawn XP
 C = Spawn XP percentage of total XP
 D = Spawn monster count
 E = Non-spawn monster count
 F = Spawn count percentage of total count
 G = Total turns spent on level
                    A         B        C        D         E        F      G
               +---------+---------+-------+---------+---------+-------+---------
         Total |       0 |    1033 |   0.0 |       0 |      53 |   0.0 |  1640
               +---------+---------+-------+---------+---------+-------+---------
           D:1 |       0 |      28 |   0.0 |       0 |      14 |   0.0 |   492
           D:2 |       0 |      60 |   0.0 |       0 |      13 |   0.0 |   405
           D:3 |       0 |      24 |   0.0 |       0 |       6 |   0.0 |   253
           D:4 |       0 |     526 |   0.0 |       0 |      15 |   0.0 |   383
           D:5 |       0 |     395 |   0.0 |       0 |       5 |   0.0 |   107
               +---------+---------+-------+---------+---------+-------+---------
